 Dungeon Sprint DCSS version 0.19-a0-97-g21dea92 (webtiles) character file.

68943 Kidiri the Imperceptible (level 13, -4/127 HPs)
             Began as a Spriggan Enchanter on May 16, 2016.
             Was the Champion of Dithmenos.
             Slain by a deep elf blademaster (17 damage)
             ... in the Dungeon (Sprint III: "The Ten Rune Challenge").
             The game lasted 00:25:36 (4925 turns).

Kidiri the Imperceptible (Spriggan Enchanter)       Turns: 4925, Time: 00:25:38

Health: -4/127     AC:  7    Str:  9    XL:     13   Next: 77%
Magic:  27/44      EV: 36    Int: 22    God:    Dithmenos [******]
Gold:   240        SH:  0    Dex: 19    Spells: 13 memorised, 2 levels left

rFire  + . .     SeeInvis +     A - +7 hand axe "Goblinslayer" {drain, +Inv MP+9 Int+3}
rCold  . . .     Gourm    .     B - +1 robe {rPois}
rNeg   . . .     Faith    .     (shield restricted)
rPois  +         Spirit   .     v - +0 hat
rElec  .         Dismiss  .     k - +2 cloak
rCorr  .         Reflect  .     (gloves unavailable)
SustAt .         Harm     .     (boots unavailable)
MR     ++...     NoTele   +     z - amulet of Vitality {Regen+ HP+15}
Stlth  ..........               (no ring)
                                (no ring)

@: berserking (expiring), wreathed by umbra, very quick, very resistant to
hostile enchantments, extremely unstealthy
A: unfitting armour, horns 1, see invisible, fire resistance 1, herbivore 3,
speed 3, slow metabolism 2, no device heal 2
a: Shadow Step, Shadow Form, Renounce Religion, Evoke Invisibility
}: 2/10 runes: serpentine, barnacled


You were in the Dungeon.
You worshipped Dithmenos.
Dithmenos was exalted by your worship.
You were not hungry.

You visited 1 branch You collected 2323 gold pieces.
You spent 2083 gold pieces at shops.

Inventory:

Hand Weapons
 a - a +1 dagger
 w - a +2 short sword of speed
 A - the +7 hand axe "Goblinslayer" (weapon) {drain, +Inv MP+9 Int+3}
   (You took it off a deep elf annihilator in the Dungeon)

   A truly terrible weapon, it drains the life of those it strikes.
   It affects your intelligence (+3).
   It affects your magic capacity (+9).
   It lets you turn invisible.
Armour
 k - a +2 cloak (worn)
 v - a +0 hat (worn)
 B - a +1 robe of poison resistance (worn)
Jewellery
 z - the amulet of Vitality (around neck) {Regen+ HP+15}
   (You bought it in a shop in the Dungeon)

   [amulet of regeneration]

   It affects your health (+15).
   It increases your rate of regeneration.
Wands
 l - a wand of iceblast (8/15)
 u - a wand of teleportation (1/9)
Scrolls
 d - a scroll of fear {unknown}
 j - a scroll of blinking
 m - a scroll of immolation {unknown}
 n - 2 scrolls of identify {unknown}
 o - 4 scrolls of remove curse
 s - a scroll of holy word {unknown}
Potions
 c - a potion of might
 e - 7 potions of curing
 f - 2 potions of heal wounds
 g - a potion of haste
 h - 4 potions of magic
 i - 2 potions of berserk rage
 q - 2 potions of cure mutation
 r - 2 potions of flight {unknown}
Books
 x - a book of Burglary

   Spells                             Type                      Level
   a - Swiftness                      Charms/Air                   2
   b - Passwall                       Transmutation/Earth          2
   c - Passage of Golubria            Translocation                4
   d - Lee's Rapid Deconstruction     Earth                        5
   e - Darkness                       Hexes                        6
   f - Invisibility                   Hexes                        6
 y - a book of Debilitation

   Spells                             Type                      Level
   a - Corona                         Hexes                        1
   b - Slow                           Hexes                        2
   c - Gell's Gravitas                Hexes/Translocation          3
   d - Inner Flame                    Hexes/Fire                   3
   e - Cause Fear                     Hexes                        4
   f - Leda's Liquefaction            Hexes/Earth                  4
Comestibles
 p - 29 royal jellies
 t - 6 fruits


   Skills:
 + Level 9.1 Fighting
 * Level 15.8 Short Blades
 + Level 8.4 Armour
 * Level 19.9 Dodging
 * Level 21.6 Stealth
 * Level 17.3 Spellcasting
 + Level 8.3 Conjurations
 + Level 13.0 Hexes
 + Level 3.8 Translocations
 + Level 3.3 Transmutations
 + Level 8.9 Ice Magic
 + Level 2.0 Earth Magic
 - Level 3.8 Invocations


You had 2 spell levels left.
You knew the following spells:

 Your Spells              Type           Power        Failure   Level  Hunger
a - Corona                Hex            ######.      0%          1    None
b - Ensorcelled Hibernat  Hex/Ice        ######       1%          2    None
c - Confuse               Hex            ######..     1%          3    None
d - Tukima's Dance        Hex            ######..     1%          3    None
e - Dazzling Spray        Conj/Hex       ######       1%          3    None
f - Passwall              Trmt/Erth      ####......   1%          2    None
g - Passage of Golubria   Tloc           N/A          8%          4    None
h - Lee's Rapid Deconstr  Erth           ####......   38%         5    #......
i - Invisibility          Hex            ######..     2%          6    ####...
j - Darkness              Hex            ######....   2%          6    ####...
k - Slow                  Hex            ######..     1%          2    None
l - Gell's Gravitas       Hex/Tloc       ######....   1%          3    None
m - Cause Fear            Hex            ######....   1%          4    None


Dungeon Overview and Level Annotations

Branches:
Dungeon (1/1)

Altars:
Cheibriados
Dithmenos
Elyvilon
Fedhas
Gozag
Kikubaaqudgha
Makhleb
Nemelex Xobeh
Okawaru
Pakellas
Qazlal
Ru
Sif Muna
Trog
Vehumet
Xom
Yredelemnul
Zin
The Shining One
Jiyva
Lugonu

Shops:
D :(?(?==

Annotations:
D exclusion: 2 doors


Innate Abilities, Weirdness & Mutations

You are tiny and cannot use many weapons and most armour.
You have supernaturally acute eyesight.
You are a herbivore.
You cover ground extremely quickly.
You need consume almost no food.
You have a pair of small horns on your head.
Your flesh is heat resistant.
Potions and wands are poor at restoring your health.


Message History

Your headbutt misses the deep elf blademaster.
The deep elf blademaster is moderately wounded.
Your shadow closely misses the deep elf blademaster.
The deep elf blademaster hits you! The deep elf blademaster hits you!!
* * * LOW HITPOINT WARNING * * *
You slash the deep elf blademaster!
The deep elf blademaster is moderately wounded.
Your shadow closely misses the deep elf blademaster.
The deep elf blademaster hits you.
* * * LOW HITPOINT WARNING * * *
The deep elf blademaster completely misses you.
You slash the deep elf blademaster!
The deep elf blademaster is heavily wounded.
Your shadow closely misses the deep elf blademaster.
The deep elf blademaster hits you!
* * * LOW HITPOINT WARNING * * *
The deep elf blademaster hits you!
* * * LOW HITPOINT WARNING * * *
The deep elf blademaster hits you!
You die...

▓.....#....≈.♣♣♣♣.###+#+
▓.....#...≈≈....♣.#.....
▓.....#..≈≈≈≈.♣.♣.'.⌠...
▓####'#..≈≈≈≈≈≈...#...##
▓.....#.≈≈≈≈≈≈....#.⌠.#_
▓...).#.≈≈≈≈≈.....#...#_
▓.....#.≈≈≈.......#+###_
▓'#####...........#.):#_
▓......@e.........#___#_
▓▓▓▓▓▓▓▓▓▓▓▓▓▓▓▓▓▓▓▓▓▓▓▓
▓...+.≈§§§§§§≈♣♣.....♣♣
▓.%P#≈≈§§§§≈§≈♣♣.≈≈≈≈+♣
▓.PP#.≈§.§≈§≈≈)+.....#.
▓.%P#≈≈≈§≈§§≈≈♣♣♣♣♣♣♣#.
▓..)#.≈§≈≈≈§≈≈♣ ##
▓##+####+#######♣ ♣♣♣
▓...............♣♣ ♣..


You could see a deep elf blademaster.

Vanquished Creatures
  Rupert (D)
  A kraken (D)
  Gastronok (D)
  Maud (D)
  A greater naga (D)
  A deep elf demonologist (D)
  2 deep elf annihilators (D)
  2 dire elephants (D)
  2 deep elf high priests (D)
  3 alligator snapping turtles (D)
  2 anacondas (D)
  A naga warrior (D)
  2 hydras (D)
  Erica (D)
  A centaur warrior (D)
  2 orc high priests (D)
  4 death yaks (D)
  A death drake (D)
  A spriggan druid (D)
  2 unseen horrors (D)
  A lindwurm (D)
  An orc sorcerer (D)
  6 deep elf magi (D)
  9 black mambas (D)
  2 elephants (D)
  A guardian serpent (D)
  2 spiny frogs (D)
  A rime drake (D)
  A komodo dragon (D)
  A queen bee (D)
  3 wandering mushrooms (D)
  2 giant leeches (D)
  8 blink frogs (D)
  3 snapping turtles (D)
  3 redbacks (D)
  2 spriggans (D)
  A shadow (D)
  A naga (D)
  3 water moccasins (D)
  A spatial vortex (D)
  An orc warrior (D)
  A swamp drake (D)
  A necrophage (D)
  2 centaurs (D)
  An earth elemental (D)
  A water elemental (D)
  30 killer bees (D)
  A jelly (D)
  An orc priest (D)
  2 orc wizards (D)
  Crazy Yiuf (D)
  Jessica (D)
  A necromancer (D)
  A wizard (D)
  3 humans (D)
  A kobold demonologist (D)
  2 adders (D)
  An ooze (D)
  11 orcs (D)
  2 rats (D)
149 creatures vanquished.

Vanquished Creatures (collateral kills)
  A naga (D)
  A killer bee (D)
2 creatures vanquished.

Vanquished Creatures (others)
  2 draconian scorchers (D)
  2 yaktaurs (D)
  A killer bee (D)
  An electric eel (D)
  8 tentacles (D)
  45 tentacle segments (D)
59 creatures vanquished.

Grand Total: 210 creatures vanquished

Notes
Turn   | Place    | Note
--------------------------------------------------------------
     0 | D        | Kidiri the Spriggan Enchanter began the quest for the Orb.
     0 | D        | Reached XP level 1. HP: 9/9 MP: 5/5
    17 | D        | Reached skill level 5 in Stealth
   141 | D        | Noticed Jessica
   143 | D        | Killed Jessica
   143 | D        | Reached skill level 1 in Fighting
   143 | D        | Reached skill level 1 in Armour
   143 | D        | Reached skill level 6 in Stealth
   143 | D        | Reached XP level 2. HP: 14/14 MP: 6/8
   143 | D        | Reached XP level 3. HP: 18/18 MP: 6/9
   151 | D        | Learned a level 2 spell: Ensorcelled Hibernation
   155 | D        | Learned a level 3 spell: Confuse
   159 | D        | Learned a level 3 spell: Dazzling Spray
   203 | D        | Reached skill level 5 in Dodging
   208 | D        | Killed a yaktaur
   214 | D        | Killed a white draconian scorcher
   250 | D        | Killed a white draconian scorcher
   270 | D        | Noticed Crazy Yiuf
   277 | D        | Killed Crazy Yiuf
   277 | D        | Reached XP level 4. HP: 22/22 MP: 9/11
   282 | D        | Learned a level 3 spell: Tukima's Dance
   303 | D        | Gained mutation: You have a pair of small horns on your head. [potion of mutation]
   303 | D        | Gained mutation: Potions and wands are less effective at restoring your health. [potion of mutation]
   304 | D        | Gained mutation: Potions and wands are poor at restoring your health. [potion of mutation]
   304 | D        | Gained mutation: Your flesh is heat resistant. [potion of mutation]
   328 | D        | Noticed a water elemental
   331 | D        | Killed a water elemental
   331 | D        | Reached skill level 7 in Stealth
   331 | D        | Reached skill level 5 in Spellcasting
   331 | D        | Reached skill level 1 in Conjurations
   331 | D        | Reached skill level 1 in Ice Magic
   341 | D        | Noticed a shadow
   343 | D        | Killed a shadow
   343 | D        | Reached skill level 5 in Short Blades
   343 | D        | Reached skill level 9 in Stealth
   343 | D        | Reached skill level 5 in Hexes
   343 | D        | Reached XP level 5. HP: 27/27 MP: 13/15
   343 | D        | Reached XP level 6. HP: 32/32 MP: 13/16
   380 | D        | Found an oddly glowing altar of Pakellas.
   380 | D        | Found a stormy altar of Qazlal.
   381 | D        | Found a sacrificial altar of Ru.
   381 | D        | Found a burning altar of Makhleb.
   381 | D        | Found a viscous altar of Jiyva.
   381 | D        | Found a shimmering altar of Xom.
   381 | D        | Found a shadowy altar of Dithmenos.
   381 | D        | Found a sparkling altar of Nemelex Xobeh.
   381 | D        | Found a corrupted altar of Lugonu.
   381 | D        | Found an opulent altar of Gozag.
   381 | D        | Noticed a spatial vortex
   385 | D        | Became a worshipper of Dithmenos the Shadowed
   625 | D        | Killed a spatial vortex
   625 | D        | Reached skill level 1 in Invocations
   733 | D        | Found a radiant altar of Vehumet.
   734 | D        | Found a deep blue altar of Sif Muna.
   734 | D        | Found an ancient bone altar of Kikubaaqudgha.
   737 | D        | Reached skill level 10 in Stealth
   755 | D        | Found a glowing silver altar of Zin.
   756 | D        | Found a glowing golden altar of the Shining One.
   756 | D        | Found a white marble altar of Elyvilon.
   756 | D        | Noticed a deep elf mage
   758 | D        | Killed a deep elf mage
   758 | D        | Reached * piety under Dithmenos
   758 | D        | Reached skill level 11 in Stealth
   758 | D        | Reached XP level 7. HP: 36/36 MP: 17/19
   769 | D        | Found an iron altar of Okawaru.
   770 | D        | Found a bloodstained altar of Trog.
   770 | D        | Noticed a human
   770 | D        | Noticed a human
   772 | D        | Killed a human
   772 | D        | Reached skill level 10 in Dodging
   773 | D        | Killed a human
   773 | D        | Reached ** piety under Dithmenos
   773 | D        | Reached XP level 8. HP: 42/42 MP: 18/21
   786 | D        | Found a snail-covered altar of Cheibriados.
   787 | D        | Found a basalt altar of Yredelemnul.
   787 | D        | Found a blossoming altar of Fedhas.
   807 | D        | Noticed Erica
   809 | D        | Killed Erica
   809 | D        | Reached skill level 12 in Stealth
   822 | D        | Noticed a centaur warrior
   829 | D        | Reached XP level 9. HP: 39/46 MP: 15/23
   830 | D        | Reached skill level 10 in Spellcasting
   836 | D        | Killed a centaur warrior
   836 | D        | Reached *** piety under Dithmenos
   836 | D        | Reached skill level 13 in Stealth
   953 | D        | Noticed an unseen horror
   953 | D        | Noticed an unseen horror
   954 | D        | Killed an unseen horror
   954 | D        | Reached skill level 5 in Fighting
   956 | D        | Killed an unseen horror
   956 | D        | Reached skill level 10 in Short Blades
   956 | D        | Reached skill level 14 in Stealth
   956 | D        | Reached skill level 5 in Ice Magic
   970 | D        | Reached **** piety under Dithmenos
   974 | D        | Noticed a queen bee
   974 | D        | Reached XP level 10. HP: 51/51 MP: 18/26
   987 | D        | Reached ***** piety under Dithmenos
  1173 | D        | Reached skill level 5 in Armour
  1423 | D        | Reached ****** piety under Dithmenos
  1424 | D        | Reached skill level 5 in Conjurations
  1429 | D        | Reached skill level 15 in Stealth
  1598 | D        | Noticed a spiny frog
  1598 | D        | Noticed a spiny frog
  1602 | D        | Killed a spiny frog
  1604 | D        | Killed a spiny frog
  1738 | D        | Noticed a lindwurm
  1741 | D        | Killed a lindwurm
  1741 | D        | Reached skill level 16 in Stealth
  1741 | D        | Reached XP level 11. HP: 56/56 MP: 28/28
  1749 | D        | Noticed Maud
  1751 | D        | Killed Maud
  1751 | D        | Reached skill level 15 in Dodging
  1751 | D        | Reached skill level 10 in Hexes
  1755 | D        | Noticed a six-headed hydra
  1755 | D        | Noticed an eight-headed hydra
  1757 | D        | Killed a six-headed hydra
  1758 | D        | Killed an eight-headed hydra
  1758 | D        | Reached skill level 17 in Stealth
  1768 | D        | Noticed a death drake
  1770 | D        | Killed a death drake
  1780 | D        | Found a blossoming altar of Fedhas.
  1780 | D        | Noticed a spriggan druid
  1782 | D        | Killed a spriggan druid
  1829 | D        | Noticed an anaconda
  1833 | D        | Killed an anaconda
  1856 | D        | Noticed an anaconda
  1857 | D        | Killed an anaconda
  1871 | D        | Reached skill level 18 in Stealth
  1967 | D        | Reached XP level 12. HP: 63/63 MP: 31/31
  1997 | D        | Noticed a naga warrior
  1997 | D        | Noticed a greater naga
  1997 | D        | Found Igusk's Antique Weapon Shop.
  1997 | D        | Found Muetacw's Magic Scroll Shoppe.
  2009 | D        | Killed a naga warrior
  2022 | D        | Killed a greater naga
  2103 | D        | Found Uzacw's Jewellery Boutique.
  2226 | D        | Got a serpentine rune of Zot
  2330 | D        | Reached skill level 15 in Spellcasting
  2412 | D        | Noticed Rupert
  2433 | D        | Killed Rupert
  2433 | D        | Reached skill level 19 in Stealth
  2512 | D        | Noticed a death yak
  2513 | D        | Noticed a death yak
  2513 | D        | Noticed an azure jelly
  2513 | D        | Noticed a death yak
  2513 | D        | Noticed an azure jelly
  2513 | D        | Noticed a death yak
  2514 | D        | Killed a death yak
  2515 | D        | Killed a death yak
  2518 | D        | Killed a death yak
  2520 | D        | Killed a death yak
  2588 | D        | Noticed a kraken
  2666 | D        | Killed a kraken
  2666 | D        | Reached skill level 20 in Stealth
  2666 | D        | Reached XP level 13. HP: 68/68 MP: 15/34
  2783 | D        | Found Boukutto's Magic Scroll Shop.
  2783 | D        | Found Xogext's Antique Weapon Boutique.
  2783 | D        | Found Dogufeul's Book Shoppe.
  2797 | D        | Got a barnacled rune of Zot
  2844 | D        | Noticed an azure jelly
  2844 | D        | Noticed an azure jelly
  2845 | D        | Noticed a dire elephant
  2845 | D        | Noticed a dire elephant
  2845 | D        | Noticed Gastronok
  2847 | D        | Killed Gastronok
  2847 | D        | Reached skill level 15 in Short Blades
  2848 | D        | Killed a dire elephant
  2850 | D        | Killed a dire elephant
  2969 | D        | Reached skill level 21 in Stealth
  2975 | D        | Found Tezuxax's Jewellery Emporium.
  3322 | D        | Bought a glowing short sword for 66 gold pieces
  3324 | D        | Bought a book of Burglary for 1050 gold pieces
  3327 | D        | Learned a level 2 spell: Passwall
  3332 | D        | Learned a level 4 spell: Passage of Golubria
  3338 | D        | Learned a level 5 spell: Lee's Rapid Deconstruction
  3345 | D        | Learned a level 6 spell: Invisibility
  3352 | D        | Learned a level 6 spell: Darkness
  3352 | D        | Bought a book of Debilitation for 560 gold pieces
  3355 | D        | Learned a level 2 spell: Slow
  3359 | D        | Learned a level 3 spell: Gell's Gravitas
  3364 | D        | Learned a level 4 spell: Cause Fear
  3498 | D        | Bought the amulet of Vitality {Regen+ HP+15} for 407 gold pieces
  3647 | D        | Noticed a deep elf annihilator
  3654 | D        | Reached skill level 1 in Translocations
  3654 | D        | Reached skill level 1 in Transmutations
  3705 | D        | Noticed a deep elf demonologist
  3710 | D        | Killed a deep elf annihilator
  3710 | D        | Reached skill level 1 in Earth Magic
  3786 | D        | Noticed a deep elf demonologist
  3814 | D        | Noticed a deep elf annihilator
  3820 | D        | Noticed a deep elf blademaster
  3990 | D        | Killed a deep elf demonologist
  4127 | D        | Noticed a balrug
  4223 | D        | Noticed a Brimstone Fiend
  4326 | D        | Killed a deep elf annihilator
  4474 | D        | Got a pitted hand axe {drain}
  4501 | D        | Identified the +7 hand axe "Goblinslayer" {drain, +Inv MP+9 Int+3} (You took it off a deep elf annihilator in the Dungeon)
  4553 | D        | Noticed a green death
  4821 | D        | Noticed a Hell Sentinel
  4925 | D        | Slain by a deep elf blademaster

Vault maps used:
D:        dungeon_sprint_mu

Skill      XL: |  1  2  3  4  5  6  7  8  9 10 11 12 13 |
---------------+----------------------------------------+-----
Short Blades   | 2 3 5 7 8 10 11 13 14 15 | 15.8
Stealth        | 6 9 11 12 14 16 18 20 21 | 21.6
Spellcasting   | 4 6 8 9 11 12 14 16 17 | 17.3
Fighting       | 1 2 3 4 5 7 8 9 |  9.1
Armour         | 1 2 3 4 5 6 7 8 |  8.4
Dodging        | 4 5 7 9 10 11 13 14 16 18 19 | 19.9
Hexes          | 4 5 6 7 8 9 10 12 13 | 13.0
Conjurations   | 2 3 4 5 6 7 8 |  8.3
Ice Magic      | 2 3 4 5 6 8 |  8.9
Invocations    | 2 3 |  3.8
Translocations | 3 |  3.8
Transmutations | 3 |  3.3
Earth Magic    | 2 |  2.0

Action                   |  1- 3 |  4- 6 |  7- 9 | 10-12 | 13-15 || total
-------------------------+-------+-------+-------+-------+-------++-------
Melee: Dagger            |    15 |     8 |    20 |   174 |    16 ||   233
       Headbutt          |       |     1 |     3 |     9 |     1 ||    14
       Short sword       |       |       |       |       |     9 ||     9
       Hand axe          |       |       |       |       |     4 ||     4
 Cast: Corona            |     1 |       |       |       |       ||     1
       Ensorcelled Hiber |     4 |     1 |     5 |    41 |     2 ||    53
       Dazzling Spray    |       |    12 |     3 |    29 |    98 ||   142
       Confuse           |       |       |       |     7 |     1 ||     8
       Tukima's Dance    |       |       |       |     4 |       ||     4
       Passage of Golubr |       |       |       |       |     2 ||     2
Invok: Shadow Step       |       |       |     1 |    13 |     2 ||    16
Evoke: Wand              |       |       |       |       |     1 ||     1
  Use: Potion            |       |     2 |       |       |     1 ||     3
 Stab: Sleeping          |     6 |     6 |    12 |    67 |    11 ||   102
       Invisible         |       |       |     3 |     6 |     8 ||    17
       Confused          |       |       |       |     6 |       ||     6
  Eat: Bread ration      |       |       |       |     1 |       ||     1
Armor: Robe              |       |       |       |     4 |     2 ||     6
Dodge: Dodged            |     8 |       |    18 |   139 |    49 ||   214
